Map: [ESL] Site Delta

Players

Wayne

  • Race: Zerg Zerg
  • Spawn Location: 5:00

GunGFuBanDa - Winner!

  • Race: Protoss Protoss
  • Spawn Location: 11:00

Event: ESL SC2 Masters 2023 Winter (Regional)

VOD

Have the link to the VOD?

Description

Time

  • Played on: Nov. 2, 2023, 11:19 a.m.
  • Length: 26:43

All games in this series

Show
View Real Time Build Order
Export as new Build Order

Wayne Zerg 

Build Orders: Hatch First 

Get SALT Encoding   

  12  0:00  Drone  
  13  0:11  Overlord  
  13  0:16  Drone  
  14  0:30  Drone  
  15  0:43  Hatchery  
  15  0:47  Drone  
  15  0:50  Drone  
  15  0:54  Drone  
  17  0:59  Drone  
  18  1:08  Extractor  
  17  1:14  Spawning Pool  
  17  1:17  Drone  
  17  1:20  Drone  
  18  1:30  Drone  
  19  1:42  Drone  
  20  1:52  Overlord  
  20  1:57  Drone  
  20  2:01  Queen x2  
  21  2:02  Zergling x2  
  21  2:06  Zergling x2  
  27  2:14  Drone  
  27  2:15  Metabolic Boost  
  28  2:17  Drone  
  29  2:25  Drone  
  30  2:31  Drone  
  31  2:40  Hatchery  
  31  2:41  Drone  
  31  2:46  Queen  
  31  2:50  Overlord  
  33  2:53  Zergling x2  
  33  2:54  Zergling x2  
  33  2:56  Zergling x2  
  36  3:06  Overlord  
  36  3:09  Queen  
  38  3:13  Drone x3  
  38  3:16  Drone  
  42  3:22  Queen  
  42  3:26  Drone x2  
  46  3:30  Spore Crawler  
  46  3:32  Drone x2  
  47  3:39  Drone  
  48  3:44  Drone x4  
  52  3:51  Queen  
  52  3:53  Overlord  
  52  3:54  Drone  
  55  3:58  Drone x2  
  57  4:04  Roach Warren  
  57  4:07  Drone x2  
  58  4:11  Overlord  
  58  4:14  Spore Crawler  
  57  4:21  Zergling x10  
  62  4:26  Drone x4  
  66  4:38  Lair  
  66  4:40  Drone, Extractor  
  66  4:41  Drone x5  
  66  4:42  Extractor  
  69  4:49  Drone  
  69  4:52  Drone x4  
  74  4:54  Spore Crawler  
  74  4:57  Overlord  
  73  5:02  Evolution Chamber, Overlord  
  73  5:04  Drone x2  
  74  5:09  Overlord  
  74  5:21  Overlord  
  74  5:25  Overlord  
  73  5:33  Drone x2, Extractor  
  73  5:34  Zerg Melee Weapons Level 1  
  73  5:36  Drone x4  
  73  5:39  Overseer  
  73  5:40  Hydralisk Den  
  76  5:45  Drone x3  
  76  5:46  Drone x2  
  76  5:47  Drone x2  
  76  5:49  Extractor  
  79  5:50  Overlord  
  79  5:52  Extractor  
  79  5:54  Drone x4  
  79  5:55  Drone  
  83  5:57  Glial Reconstitution  
  83  6:01  Hatchery  
  82  6:10  Grooved Spines  
  82  6:11  Hydralisk  
  82  6:12  Hydralisk x4  
  82  6:15  Overlord  
  82  6:17  Hydralisk x2  
  96  6:19  Zergling x4  
  96  6:20  Zergling x10  
  103  6:29  Hydralisk x3  
  107  6:35  Hydralisk  
  107  6:39  Zergling x12  
  115  6:42  Hydralisk x2  
  115  6:49  Hydralisk x2  
  115  6:50  Zergling x2  
  115  6:53  Queen x2  
  118  7:00  Muscular Augments  
  118  7:01  Overlord  
  118  7:07  Extractor x2  
  118  7:08  Spire  
  115  7:12  Overlord  
  115  7:14  Hydralisk x2  
  112  7:28  Zergling x10  
  115  7:33  Hatchery  
  111  7:37  Hydralisk  
  111  7:44  Queen x2  
  110  7:47  Zergling x2, Extractor  
  110  7:48  Zergling x2  
  111  7:53  Zergling x2  
  110  8:05  Drone x5  
  109  8:08  Drone  
  109  8:09  Drone x3  
  107  8:14  Drone x3  
  107  8:19  Queen  
  97  8:20  Corruptor x2  
  97  8:24  Extractor  
  97  8:26  Corruptor  
  98  8:27  Extractor  
  98  8:33  Corruptor x3  
  97  8:41  Zergling x2  
  97  8:43  Zerg Melee Weapons Level 2  
  97  8:47  Zergling x12  
  96  8:53  Drone  
  96  8:55  Corruptor x3  
  92  9:00  Drone  
  99  9:09  Drone x4  
  103  9:13  Hatchery  
  102  9:19  Hydralisk x6  
  112  9:26  Overlord  
  112  9:29  Drone x3  
  112  9:30  Drone x2  
  117  9:33  Baneling Nest  
  116  9:42  Drone x3  
  116  9:43  Overlord  
  119  9:48  Hydralisk x5  
  129  9:58  Zergling x12  
  135  10:00  Hydralisk  
  135  10:04  Queen  
  139  10:07  Overlord  
  139  10:14  Hydralisk x6  
  139  10:16  Overseer  
  139  10:19  Centrifugal Hooks  
  151  10:25  Overlord  
  151  10:27  Zergling x18  
  160  10:34  Overlord  
  160  10:35  Hydralisk x2  
  160  10:43  Hydralisk x6  
  164  10:52  Zergling x12  
  162  10:59  Zerg Missile Weapons Level 1  
  162  11:00  Hydralisk x4  
  170  11:06  Zergling x12  
  170  11:11  Overlord  
  176  11:12  Overlord  
  176  11:16  Baneling x19  
  176  11:18  Overlord  
  176  11:25  Baneling x6  
  175  11:27  Zergling x14  
  179  11:38  Zergling x22  
  183  11:41  Baneling x5  
  183  11:42  Overseer  
  183  11:44  Spore Crawler  
  179  11:47  Zergling x8  
  182  12:01  Zergling x14  
  172  12:06  Pneumatized Carapace  
  172  12:07  Overseer  
  162  12:12  Zergling x26  
  149  12:24  Queen  
  149  12:26  Hydralisk x7  
  162  12:32  Zergling x12  
  155  12:41  Zergling x2  
  155  12:42  Zergling x8  
  150  12:45  Zergling x8  
  141  12:52  Hydralisk x3  
  141  12:53  Hydralisk  
  141  12:57  Hydralisk x5  
  142  12:58  Zergling x2  
  142  13:00  Zerg Missile Weapons Level 2  
  142  13:09  Drone x9  
  149  13:13  Spore Crawler  
  149  13:16  Baneling x12  
  149  13:17  Baneling x2  
  148  13:25  Hydralisk x4  
  156  13:36  Zergling x22  
  156  13:40  Baneling x7  
  167  13:45  Zergling x14  
  175  13:55  Zergling x10  
  175  13:56  Zergling x2, Hatchery  
  175  14:02  Zergling x14  
  184  14:05  Spore Crawler  
  180  14:14  Overlord  
  170  14:18  Zergling x14  
  170  14:24  Overlord  
  168  14:28  Overlord  
  143  14:33  Hydralisk  
  143  14:34  Hydralisk x8  
  140  14:40  Hydralisk x3  
  140  14:42  Hydralisk  
  140  14:43  Hydralisk x2  
  137  14:48  Hydralisk x4  
  145  14:56  Baneling  
  145  14:57  Hydralisk, Baneling x4  
  145  14:58  Hydralisk x3  
  153  15:08  Zergling x16  
  161  15:18  Spore Crawler  
  153  15:25  Zergling x22, Baneling x6  
  161  15:29  Hydralisk x2  
  164  15:40  Zergling x2  
  164  15:41  Zergling x12  
  128  15:51  Hydralisk x7  
  134  15:58  Hydralisk x4  
  141  16:06  Hydralisk x4  
  145  16:21  Zergling x10  
  145  16:22  Zergling x16  
  158  16:29  Hydralisk x5  
  168  16:36  Overlord  
  168  16:38  Overlord  
  161  16:47  Drone x3  
  161  16:50  Baneling  
  161  16:51  Baneling x15  
  163  16:56  Zergling x22  
  174  17:04  Zergling x14  
  179  17:13  Infestation Pit  
  179  17:15  Extractor  
  176  17:18  Drone x2  
  173  17:25  Drone x2  
  173  17:27  Zerg Flyer Armor Level 1  
  173  17:28  Drone x3, Evolution Chamber  
  177  17:35  Overlord  
  177  17:38  Extractor  
  177  17:40  Overlord  
  177  17:42  Extractor  
  177  17:43  Drone x3, Hatchery  
  177  17:48  Baneling x7  
  177  17:49  Baneling x22  
  174  18:00  Hive  
  174  18:02  Zerg Ground Armor Level 1  
  174  18:07  Zergling x16  
  182  18:15  Spine Crawler  
  182  18:16  Drone  
  182  18:17  Drone, Spine Crawler  
  181  18:20  Spine Crawler  
  181  18:22  Spine Crawler  
  176  18:33  Drone  
  177  18:39  Zergling x26  
  177  18:40  Zergling x6  
  193  18:42  Overseer x2  
  193  19:08  Drone x2  
  195  19:10  Spore Crawler  
  195  19:11  Spine Crawler x2  
  195  19:14  Adrenal Glands, Spore Crawler  
  184  19:28  Zergling x4  
  184  19:29  Zergling x24  
  117  19:31  Zergling x2  
  117  19:32  Zergling x24  
  127  19:39  Zergling x6  
  127  19:42  Zergling x10  
  125  19:45  Zergling x2  
  125  19:46  Zergling x2  
  125  19:51  Hydralisk x2  
  126  19:54  Hydralisk  
  126  19:58  Hydralisk x2  
  122  20:08  Hydralisk  
  122  20:12  Hydralisk x5  
  115  20:24  Baneling x8  
  115  20:26  Hydralisk x3  
  119  20:34  Zergling x8  
  118  20:41  Zergling x6  
  121  20:48  Zergling x10  
  120  20:53  Zergling x2  
  120  20:54  Zergling x6  
  122  20:58  Zergling x4  
  122  20:59  Zergling x4  
  122  21:04  Zergling x8  
  122  21:09  Zergling x4  
  123  21:15  Drone  
  123  21:16  Drone x2  
  126  21:23  Baneling x2  
  126  21:24  Hydralisk  
  128  21:26  Zergling x6  
  130  21:32  Zergling x2  
  130  21:33  Zergling x8  
  130  21:35  Hydralisk  
  130  21:39  Hydralisk x2  
  134  21:45  Hydralisk x2  
  136  21:48  Zergling x2  
  136  21:49  Zergling x4  
  136  21:54  Drone x3  
  139  21:57  Hydralisk  
  141  22:07  Hydralisk x3  
  146  22:13  Overlord  
  142  22:18  Overlord  
  142  22:21  Overlord  
  122  22:23  Zergling x2  
  122  22:24  Zergling x18  
  132  22:34  Drone x5  
  137  22:40  Baneling x3  
  133  22:51  Zergling x18  
  140  22:59  Hatchery  
  140  23:02  Zergling x12  
  140  23:19  Hatchery  
  138  23:20  Drone x7  
  144  23:35  Hydralisk, Baneling x7  
  144  23:37  Zergling x12  
  152  23:57  Drone  
  152  23:58  Drone  
  152  23:59  Drone x4  
  152  24:01  Hatchery  
  156  24:09  Baneling x11  
  156  24:11  Zergling x8  
  156  24:15  Overlord  
  156  24:16  Overlord  
  158  24:23  Overlord  
  158  24:28  Baneling x10  
  158  24:32  Overlord  
  129  24:40  Zergling x22  
  129  24:44  Zergling x6  
  134  24:50  Hydralisk x2  
  134  24:51  Hydralisk  
  119  24:57  Zergling x2  
  119  24:59  Baneling x14  
  119  25:00  Baneling  
  119  25:05  Zergling x8  
  122  25:14  Zergling x2  
  122  25:15  Zergling x4  
  122  25:18  Zergling x8  
  125  25:31  Zergling x6  
  125  25:34  Zergling x2  
  125  25:35  Zergling x2  
  125  25:38  Hydralisk x4  
  132  25:45  Hydralisk  
  132  25:46  Hydralisk x3  
  129  26:09  Zergling x8  
  129  26:13  Zergling x2  
  129  26:14  Zergling x10  
  134  26:20  Zergling x6  
Show
View Real Time Build Order
Export as new Build Order

GunGFuBanDa Protoss - Winner!

Build Orders: 1 Gate Expand 

Get SALT Encoding   

  12  0:00  Probe  
  13  0:12  Probe  
  14  0:18  Pylon  
  14  0:24  Probe (Chrono Boost)  
  15  0:37  Probe (Chrono Boost)  
  15  0:38  Gateway  
  16  0:44  Probe (Chrono Boost)  
  16  0:47  Assimilator  
  17  0:51  Probe  
  18  1:03  Probe  
  19  1:15  Probe  
  20  1:24  Nexus  
  20  1:35  Cybernetics Core  
  20  1:37  Probe  
  21  1:43  Assimilator  
  21  1:49  Probe  
  22  1:55  Pylon  
  22  2:01  Probe (Chrono Boost)  
  23  2:11  Adept (Chrono Boost)  
  23  2:15  Probe (Chrono Boost)  
  26  2:20  Stargate  
  26  2:21  Probe (Chrono Boost)  
  27  2:29  Probe  
  28  2:34  Stalker  
  28  2:37  Probe  
  31  2:38  Warp Gate  
  31  2:44  Probe (Chrono Boost)  
  32  2:49  Probe (Chrono Boost)  
  33  2:58  Probe x2 (Chrono Boost)  
  35  3:03  Probe  
  36  3:06  Probe (Chrono Boost)  
  37  3:15  Fleet Beacon, Probe (Chrono Boost)  
  38  3:20  Assimilator  
  38  3:25  Probe (Chrono Boost)  
  38  3:26  Probe (Chrono Boost)  
  40  3:28  Gateway  
  40  3:30  Probe (Chrono Boost)  
  40  3:32  Probe, Pylon  
  42  3:41  Assimilator, Probe  
  42  3:46  Probe  
  44  3:53  Probe  
  44  3:55  Tempest (Chrono Boost)  
  45  3:57  Pylon  
  45  3:58  Probe  
  51  4:06  Probe  
  51  4:07  Stargate  
  52  4:10  Probe  
  52  4:15  Shield Battery, Pylon  
  53  4:18  Probe  
  54  4:26  Adept  
  54  4:31  Tempest (Chrono Boost), Probe  
  61  4:33  Probe, Pylon  
  63  4:50  Pylon  
  68  5:00  Tempest (Chrono Boost)  
  68  5:01  Pylon, Probe  
  69  5:09  Tempest (Chrono Boost)  
  69  5:13  Pylon  
  74  5:33  Probe  
  74  5:34  Tempest (Chrono Boost), Probe  
  81  5:35  Forge  
  81  5:43  Tempest (Chrono Boost)  
  86  5:56  Stalker  
  88  5:57  Probe  
  88  5:59  Pylon  
  88  6:00  Pylon  
  89  6:07  Gateway  
  89  6:09  Gateway  
  89  6:13  Pylon  
  89  6:15  Pylon  
  89  6:18  Unknown  
  89  6:29  Stalker x2, Probe x2  
  95  6:33  Nexus  
  95  6:35  Pylon  
  95  6:51  Probe  
  96  6:54  Pylon  
  96  6:57  Protoss Ground Weapons Level 1 (Chrono Boost)  
  96  6:58  Stalker x2  
  100  7:05  Twilight Council  
  100  7:07  Zealot, Adept  
  95  7:23  Zealot x2  
  97  7:30  Stalker x2  
  97  7:36  Probe  
  102  7:42  Nexus  
  102  7:44  Pylon  
  100  7:45  Sentry, Stalker  
  100  7:49  Gateway  
  100  7:50  Gateway  
  104  7:56  Probe  
  105  7:59  Pylon  
  105  8:08  Stalker x2  
  105  8:11  Zealot x2  
  96  8:20  Shield Battery  
  96  8:25  Void Ray x2 (Chrono Boost)  
  85  8:34  Zealot x2  
  85  8:35  Stalker x2  
  85  8:38  Stalker  
  85  8:39  Stalker  
  93  8:44  Shield Battery  
  93  8:46  Photon Cannon  
  89  8:49  Photon Cannon  
  95  8:57  Sentry x2  
  95  9:01  Probe (Chrono Boost)  
  98  9:03  Pylon  
  98  9:06  Probe (Chrono Boost)  
  98  9:07  Sentry, Probe (Chrono Boost)  
  98  9:08  Stalker x3  
  103  9:10  Probe (Chrono Boost)  
  103  9:14  Assimilator, Probe x2 (Chrono Boost)  
  103  9:15  Probe (Chrono Boost)  
  105  9:17  Photon Cannon  
  105  9:18  Assimilator  
  106  9:25  Probe x2  
  106  9:28  Zealot  
  110  9:35  Templar Archives  
  110  9:38  Gateway  
  110  9:39  Gateway, Blink (Chrono Boost)  
  110  9:41  Protoss Ground Weapons Level 2 (Chrono Boost)  
  110  9:42  Pylon  
  110  10:02  Pylon  
  110  10:03  Pylon  
  110  10:08  Nexus  
  110  10:09  Probe x2  
  112  10:21  High Templar x4  
  116  10:22  High Templar  
  116  10:27  Photon Cannon  
  122  10:29  Photon Cannon  
  122  10:30  Shield Battery  
  122  10:31  Pylon x2  
  122  10:34  Pylon  
  122  10:39  Nexus  
  118  10:49  Stalker  
  120  10:50  Probe, Stalker  
  120  10:55  Templar Archives  
  123  10:57  Probe  
  123  10:59  Photon Cannon  
  124  11:05  Stalker x6  
  124  11:07  Probe  
  124  11:08  Probe  
  137  11:17  Probe  
  138  11:22  Robotics Facility  
  138  11:26  Archon, Charge (Chrono Boost)  
  138  11:27  Archon  
  138  11:39  Sentry  
  132  11:40  Sentry  
  132  11:41  Stalker x6  
  146  11:49  Shield Battery  
  146  11:50  Probe  
  146  11:52  Pylon  
  131  12:05  Probe  
  122  12:13  Stalker x6  
  103  12:24  Observer (Chrono Boost)  
  102  12:30  High Templar x2  
  106  12:37  Immortal (Chrono Boost)  
  106  12:40  Psionic Storm  
  87  12:47  Zealot  
  87  12:48  Zealot x3  
  88  13:09  Photon Cannon  
  88  13:10  High Templar x3  
  88  13:11  High Templar  
  96  13:17  Photon Cannon  
  96  13:18  Zealot x4  
  104  13:30  Photon Cannon  
  104  13:39  High Templar x2  
  108  13:49  Nexus  
  108  13:50  High Templar x2, Zealot x2  
  108  13:55  Photon Cannon, Archon  
  116  13:57  Shield Battery  
  116  14:01  Warp Prism (Chrono Boost)  
  116  14:02  Probe  
  88  14:32  Archon  
  88  14:33  Archon  
  88  14:34  Zealot x6  
  88  14:35  Zealot x2  
  103  14:44  Immortal (Chrono Boost)  
  101  14:56  Nexus  
  101  14:59  High Templar x3  
  107  15:00  High Templar  
  107  15:01  Sentry, High Templar x2  
  107  15:03  Probe  
  107  15:04  Pylon  
  107  15:06  Zealot  
  118  15:08  Archon  
  118  15:13  Probe  
  120  15:14  Probe  
  118  15:23  Probe  
  118  15:27  Shield Battery  
  115  15:28  Photon Cannon  
  115  15:35  Zealot x4  
  121  15:47  Archon x2  
  105  15:55  Zealot x5  
  107  15:58  High Templar x2  
  107  16:04  Archon  
  107  16:12  High Templar  
  107  16:16  High Templar x3  
  115  16:19  Immortal (Chrono Boost)  
  119  16:31  Zealot x3  
  120  16:43  High Templar  
  115  16:58  Photon Cannon  
  115  16:59  Zealot x4  
  119  17:26  Shield Battery, Pylon  
  119  17:29  High Templar x2  
  123  17:36  Archon, Shield Battery  
  123  17:37  Stalker x3  
  123  17:38  Stalker x2  
  123  17:40  Assimilator  
  127  18:08  Assimilator  
  127  18:13  Robotics Facility  
  127  18:14  Zealot x8  
  135  18:39  Pylon  
  135  18:42  Protoss Ground Weapons Level 3 (Chrono Boost)  
  135  18:43  Nexus  
  135  18:45  Pylon  
  135  18:50  Sentry  
  135  18:51  Zealot x6  
  135  18:52  Zealot  
  150  19:10  Observer  
  143  19:30  Archon  
  114  19:33  Zealot x8  
  130  19:39  Observer  
  127  19:56  Zealot x8  
  137  20:00  Immortal  
  119  20:19  Zealot x4  
  119  20:21  Nexus  
  123  20:34  High Templar x2  
  123  20:35  High Templar  
  125  20:57  Pylon  
  123  21:07  Immortal  
  123  21:09  High Templar  
  123  21:10  High Templar x4  
  131  21:11  Zealot  
  131  21:14  Pylon  
  131  21:16  Archon x2  
  131  21:17  High Templar, Zealot  
  137  21:21  Photon Cannon  
  137  21:23  Shield Battery  
  137  21:35  Shield Battery  
  137  21:36  Observer  
  137  21:41  Zealot x2  
  141  21:59  Zealot x2  
  141  22:00  Zealot x4  
  153  22:03  Immortal (Chrono Boost)  
  131  22:25  Zealot x8  
  130  22:38  Immortal (Chrono Boost)  
  122  23:01  Observer  
  122  23:05  Sentry, High Templar x4  
  116  23:06  Zealot x3  
  116  23:10  Immortal (Chrono Boost)  
  116  23:11  Archon x2  
  126  23:27  Zealot x3  
  135  23:42  Immortal (Chrono Boost)  
  135  23:44  High Templar x3  
  141  23:48  Assimilator  
  141  23:49  Assimilator  
  141  23:51  Zealot x5  
  151  24:00  Nexus  
  151  24:01  Pylon  
  147  24:04  Observer (Chrono Boost)  
  148  24:20  Assimilator  
  148  24:22  Photon Cannon  
  148  24:24  High Templar, Photon Cannon, Shield Battery  
  150  24:35  Archon  
  111  24:53  Zealot x3  
  111  24:54  Zealot x4  
  120  25:08  Observer (Chrono Boost)  
  120  25:13  Probe  
  122  25:21  Photon Cannon, Shield Battery  
  108  25:28  High Templar x2  
  108  25:29  Zealot x6  
  108  25:33  Archon  
  121  25:45  Probe (Chrono Boost)  
  121  25:46  Probe x2 (Chrono Boost)  
  121  25:47  Probe (Chrono Boost)  
  124  25:50  Probe (Chrono Boost)  
  124  25:51  Probe (Chrono Boost)  
  124  25:53  Probe (Chrono Boost)  
  123  26:04  Zealot x5  
  123  26:05  Zealot x3  
  139  26:19  Pylon  
  129  26:26  Archon  
Tags
 
Add a new tag
Caveats
  • Supply blocks, unpowered buildings, or Contaminate may cause inaccurate times.
  • Supply counts are checked every 10 seconds.